 Dungeon Crawl Stone Soup version 0.21-a0-49-g7bf2ba4 (webtiles) character file.

307 roguesci the Sneak (level 6, -4/55 HPs)
             Began as a Naga Transmuter on June 9, 2017.
             Slain by an ice beast (12 damage)
             ... on level 3 of the Dungeon.
             The game lasted 00:12:10 (5057 turns).

roguesci the Sneak (Naga Transmuter)                Turns: 5057, Time: 00:12:11

Health: -4/55      AC:  3    Str: 12    XL:     6   Next: 40%
Magic:  10/10      EV: 10    Int: 16    God:
Gold:   154        SH:  0    Dex: 11    Spells: 6/10 levels left

rFire    . . .     SeeInvis +   q - +2 whip (flame)
rCold    . . .     Gourm    .   (no shield)
rNeg     . . .     Faith    .   b - +0 robe
rPois    +         Spirit   .   (no helmet)
rElec    .         Reflect  .   (no cloak)
rCorr    .         Harm     .   (no gloves)
MR       .....                  (no barding)
Stlth    ++........             (no amulet)
Regen    0.2/turn               (no ring)
MPRegen  0.2/turn               (no ring)

@: very slow
A: see invisible, deformed body, poison resistance, slowness 2, slow metabolism
1, spit poison 1, AC +2
a: Spit Poison


You were on level 3 of the Dungeon.
You were not hungry.

You visited 1 branch of the dungeon, and saw 4 of its levels.

You collected 154 gold pieces.

Inventory:

Hand Weapons
 q - a +2 whip of flaming (weapon)
Missiles
 i - 109 stones (quivered)
Armour
 b - a +0 robe (worn)
Scrolls
 a - a scroll of amnesia {unknown}
 e - a scroll of blinking {unknown}
 f - a scroll of identify
 g - 2 scrolls of recharging {unknown}
 h - a scroll of magic mapping {unknown}
 k - a scroll of enchant weapon
 m - a scroll of teleportation
Potions
 r - a potion of brilliance
Books
 c - a book of Changes

   Spells                             Type                      Level
   a - Beastly Appendage              Transmutation                1
   b - Sticks to Snakes               Transmutation                2
   c - Spider Form                    Transmutation/Poison         3
   d - Ice Form                       Ice/Transmutation            4
   e - Blade Hands                    Transmutation                5
Comestibles
 d - a bread ration
 j - a royal jelly


   Skills:
 + Level 2.4 Fighting
 * Level 2.8 Dodging
 + Level 3.6 Stealth
 - Level 3.0 Unarmed Combat
 + Level 2.9 Spellcasting
 + Level 2.9 Transmutations
 + Level 3.3 Poison Magic


You had 6 spell levels left.
You knew the following spells:

 Your Spells              Type           Power        Failure   Level  Hunger
a - Beastly Appendage     Tmut           ##....       5%          1    #......
b - Spider Form           Tmut/Pois      ##........   16%         3    ###....


Dungeon Overview and Level Annotations

Branches:
Dungeon (4/15)
 Temple: D:4-7

Altars:
Sif Muna
Uskayaw

Annotations:
D:3 Grinder
D:4 Edmund


Innate Abilities, Weirdness & Mutations

You cannot wear boots.
Your serpentine skin is tough. (AC +2)
You have supernaturally acute eyesight. (SInv)
Armour fits poorly on your strangely shaped body.
Your system is resistant to poisons. (rPois)
You cover ground very slowly.
You have a slow metabolism.
You can spit poison.


Message History

You hit the ice beast.
You melt the ice beast.
The ice beast is moderately wounded.
The ice beast closely misses you.
You barely miss the ice beast.
The ice beast is moderately wounded.
The ice beast hits you. The ice beast freezes you! The ice beast hits you.
The ice beast freezes you!
You barely miss the ice beast.
The ice beast is moderately wounded.
The ice beast completely misses you.
You barely miss the ice beast.
The ice beast is moderately wounded.
The ice beast hits you. The ice beast freezes you!
* * * LOW HITPOINT WARNING * * *
As you read the scroll labeled FEYD UMNINE, it crumbles to dust.
The creatures around you are filled with an inner flame!
It was a scroll of immolation.
The ice beast hits you.
* * * LOW HITPOINT WARNING * * *
The ice beast freezes you!
You die...

.##.........'...#.#
.##.........###.#.#
.##..)......#...#.#
.##......)..#.###.#
..#######'###.....# #.##
#.# ####### #..# #.#
##.######.#################
...............Y@>........#
##........###############.#
#......................#.#
#........#...............#
#........#...#########.###
#........#.......# #.#
#........#....##.# #.#
#........#....# #.#
#........#....########.#


You could see an ice beast (inner flame).

Vanquished Creatures
  A sky beast (D:3)
  A centaur (D:3)
  An orc wizard (D:3)
  3 adders
  3 worms
  A dart slug (D:3)
  4 leopard geckos (D:2)
  An orc (D:3)
  4 giant cockroaches
  8 goblins
  4 hobgoblins
  5 jackals
  A quokka (D:3)
  A ball python (D:1)
  10 bats
  2 frilled lizards (D:1)
  11 kobolds
  13 rats
74 creatures vanquished.

Vanquished Creatures (others)
  An orc wizard (D:3)
1 creature vanquished.

Grand Total: 75 creatures vanquished

Notes
Turn   | Place    | Note
-------+----------+-------------------------------------------
     0 | D:1      | roguesci the Naga Transmuter began the quest for the Orb.
     0 | D:1      | Reached XP level 1. HP: 18/18 MP: 3/3
   932 | D:1      | Reached XP level 2. HP: 18/25 MP: 3/5
  1596 | D:1      | Reached skill level 1 in Stealth
  1741 | D:2      | Reached XP level 3. HP: 2/31 MP: 6/6
  2025 | D:1      | Learned a level 3 spell: Spider Form
  2712 | D:2      | Reached skill level 1 in Poison Magic
  2733 | D:2      | Found a hide-covered altar of Uskayaw.
  3215 | D:2      | Reached XP level 4. HP: 36/39 MP: 7/7
  3756 | D:3      | Found a deep blue altar of Sif Muna.
  3963 | D:3      | Noticed Grinder
  4208 | D:3      | Noticed a sky beast
  4222 | D:3      | Killed a sky beast
  4222 | D:3      | Reached XP level 5. HP: 22/45 MP: 5/9
  4418 | D:3      | Noticed a centaur
  4437 | D:3      | Killed a centaur
  4437 | D:3      | Reached XP level 6. HP: 34/54 MP: 8/10
  4777 | D:3      | Noticed an ice beast
  4861 | D:4      | Noticed Edmund
  5057 | D:3      | Slain by an ice beast

Vault maps used:
D:1:      sevenhm_arrival_forest_fort_small_4
D:2:      eat_drink_and_be_merry_uskayaw, nrook_loot_triangle
D:3:      led_sif_book, first_bread, minmay_cupped, uniq_grinder
D:4:      temple_hall, serial_shops, shop, hangedman_decor_clover_reticule,
          makhleb_blood_cavern_becter, uniq_edmund

Skill      XL: |  1  2  3  4  5 |
---------------+----------------+-----
Stealth        | 1 2 3 |  3.6
Poison Magic   | 1 2 3 |  3.3
Dodging        | 2 |  2.8
Fighting       | 2 |  2.4
Unarmed Combat | |  3.0
Spellcasting   | |  2.9
Transmutations | |  2.9

Action                   |  1- 3 |  4- 6 || total
-------------------------+-------+-------++-------
Melee: Unarmed           |   155 |    47 ||   202
       Headbutt          |    11 |       ||    11
       Whip              |    21 |    63 ||    84
       Punch             |     1 |       ||     1
Throw: Stone             |       |    11 ||    11
 Cast: Beastly Appendage |    11 |       ||    11
       Spider Form       |     1 |     7 ||     8
  Use: Scroll            |       |     8 ||     8
       Potion            |       |     4 ||     4
 Stab: Sleeping          |     4 |     1 ||     5
       Distracted        |       |     1 ||     1
  Eat: Chunk             |     5 |     2 ||     7
       Fruit             |       |     4 ||     4
Armor: Robe              |    34 |    13 ||    47
       Skin              |       |     3 ||     3
Dodge: Dodged            |   108 |    88 ||   196
